 Dungeon Crawl Stone Soup version 0.31-a0-986-g5e6e4ef867 (webtiles) character file.

Game seed: 15199511257638075185

59 mattiecakes the Trooper (level 4, -1/29 HPs)
             Began as a Gargoyle Monk on Nov 14, 2023.
             Was a Plaything of Xom.
             Slain by a goblin
             ... wielding a +0 club
             ... led by Robin
              (4 damage)
             ... on level 2 of the Dungeon.
             The game lasted 00:03:03 (1077 turns).

mattiecakes the Trooper (Gargoyle Monk)             Turns: 1077, Time: 00:03:04

Health: -1/29      AC:  5    Str: 17    XL:     4   Next: 3%
Magic:  4/4        EV: 12    Int: 10    God:    Xom [..*...]
Gold:   64         SH:  0    Dex: 12    Spells: 3/3 levels left

rFire   + . .        a - +0 short sword
rCold   + . .        d - orb {light}
rNeg    + . .        b - +0 robe
rPois   ∞            (no helmet)
rElec   +            (no cloak)
rCorr   +            (no gloves)
SInv    .            (no boots)
Will    .....        (no amulet)
Stlth   +            j - ring of wizardry
HPRegen 0.24/turn    (no ring)
MPRegen 0.09/turn

%: wizardry (x1)
@: brilliant, about to teleport, resistant, glowing, invisible (but backlit and
visible)
A: sickness immunity, AC +3, negative energy resistance 1, electricity
resistance, torment resistance 1, petrification resistance
a: Renounce Religion


You were on level 2 of the Dungeon.
You worshipped Xom.
You were a toy of Xom.
You visited 1 branch of the dungeon, and saw 2 of its levels.

You collected 64 gold pieces.

Inventory:

Hand Weapons
 a - a +0 short sword (weapon)
Armour
 b - a +0 robe (worn)
 d - an orb of light (worn)
Jewellery
 j - a ring of wizardry (left hand)
Potions
 c - a potion of brilliance


   Skills:
 + Level 4.0 Fighting
 + Level 3.2 Short Blades
 + Level 0.8 Armour
 + Level 3.0 Dodging


You had 3 spell levels left.
You didn't know any spells.
Your spell library was empty.

Dungeon Overview and Level Annotations

Branches:
Dungeon (2/15)

Altars:
Xom

Annotations:
D:1 2 runed translucent doors


Innate Abilities, Weirdness & Mutations

You are immune to sickness and miasma.
Your stone body is resilient. (AC +3)
You are immune to poison.
You resist negative energy. (rN+)
You are resistant to electric shocks. (rElec)
You are resistant to unholy torment.
You are immune to petrification.


Message History

You kill the adder!
The goblin hits you with a +0 club.
You have reached level 4!
You feel stronger.
You hit the hobgoblin.
The hobgoblin is heavily wounded.
The hobgoblin hits you but does no damage.
The goblin hits you with a +0 club.
You hit the hobgoblin.
The hobgoblin is severely wounded.
The hobgoblin barely misses you. The goblin hits you but does no damage.
You hit the hobgoblin but do no damage.
The hobgoblin is severely wounded.
The hobgoblin closely misses you. The goblin hits you with a +0 club.
Unknown command.
You hit the hobgoblin.
You kill the hobgoblin!
Your Dodging skill increases to level 3!
Unknown command.
The goblin closely misses you. The goblin completely misses you.
The goblin attacks as it pursues you! The goblin hits you with a +0 club.
* * * LOW HITPOINT WARNING * * *
Items here: $ )))) [[ ††††.
Unknown command.
You hit the goblin but do no damage. The goblin hits you with a +0 club.
* * * LOW HITPOINT WARNING * * *
The goblin hits you but does no damage. x2
Unknown command.
It was a potion of resistance.
You feel protected. The goblin hits you but does no damage.
The goblin hits you with a +0 dagger.
* * * LOW HITPOINT WARNING * * *
The goblin hits you with a +0 club.
* * * LOW HITPOINT WARNING * * *
Okay, then.
As you read the scroll of teleportation, it crumbles to dust.
You feel strangely unstable.
The goblin hits you but does no damage. x2
The goblin hits you with a +0 club.
You die... "Boring in life, boring in death..."

#.. #.. #.#
# #.# #.
#.###♣.♣ ..
#......# .
#. #<.#####
#...#.##g.#
......g@#.#
########g##
###


You could see 3 goblins.

Vanquished Creatures
  Robin (D:2)
  An adder (D:2)
  An endoplasm (D:1)
  2 giant cockroaches (D:1)
  6 goblins
  6 hobgoblins
  6 jackals (D:1)
  3 kobolds (D:1)
  A quokka (D:1)
  2 ball pythons (D:1)
  A bat (D:1)
  A frilled lizard (D:1)
  3 rats (D:1)
34 creatures vanquished.

Notes
Turn   | Place    | Note
-------+----------+-------------------------------------------
     0 | D:1      | mattiecakes the Gargoyle Monk began the quest for the Orb.
     0 | D:1      | Reached XP level 1. HP: 14/14 MP: 1/1
    78 | D:1      | Found a large runed translucent door.
    78 | D:1      | Found a large runed translucent door.
   125 | D:1      | Reached XP level 2. HP: 19/19 MP: 2/2
   264 | D:1      | Found a faded altar of an unknown god.
   290 | D:1      | Prayed at the altar of an unknown god.
   290 | D:1      | Became a worshipper of Xom of Chaos
   484 | D:1      | Reached XP level 3. HP: 24/24 MP: 3/3
  1030 | D:2      | Noticed Robin
  1051 | D:2      | Killed Robin
  1061 | D:2      | Reached skill level 4 in Fighting
  1070 | D:2      | Reached XP level 4. HP: 16/29 MP: 4/4
  1077 | D:2      | Slain by a goblin

Illustrated notes

Levels and vault maps discovered:
D:1:      erik_arrival_cave_to_civilisation [erik_arrival_cave_to_temple],
          layout_basic, basic_ecumenical_altar
D:2:      layout_loops_ring, serial_forest, infiniplex_forest_clump_large,
          infiniplex_forest_clump_double, infiniplex_forest_straight_2,
          infiniplex_forest_lined_2, infiniplex_forest_end_2,
          infiniplex_forest_zigzag_1, hex_tiny, serial_park_tiny_1, uniq_robin,
          uniq_jessica

Skill      XL: |  1  2  3  4 |
---------------+-------------+-----
Short Blades   | 3 |  3.2
Fighting       | 4 |  4.0
Dodging        | 3 |  3.0
Armour         | |  0.8

Action                     |  1- 3 |  4- 6 || total
---------------------------+-------+-------++-------
  Melee: Short sword       |   132 |     5 ||   137
    Use: Potion            |     4 |     1 ||     5
         Scroll            |     2 |     1 ||     3
 Armour: Robe              |    85 |    14 ||    99
  Dodge: Dodged            |    99 |     4 ||   103

Table legend: (Time is in decaauts)
 A = Elapsed time spent in this place.
 B = Non-inter-level travel time spent in this place.
 C = Inter-level travel time spent in this place.
 D = Time resting spent in this place.
 E = Time spent auto-exploring this place.
 F = Levels seen in this place.
 G = Mean time per level.
                   A        B        C        D        E       F      G
               +--------+--------+--------+--------+--------+-----+--------+
         Total |   1056 |   1016 |     40 |     26 |    757 |   2 |  528.0 |
       Dungeon |   1056 |   1016 |     40 |     26 |    757 |   2 |  528.0 |
               +--------+--------+--------+--------+--------+-----+--------+

Top non-repeatable levels by time:
     D:1: 1008 daAuts
     D:2: 47 daAuts
